cohdb
Replays
Latest Replays
All Replays
Popular Replays
Top Player Replays
Match Explorer
How It Works
Community
CoH3 Stats
Reddit
Sign in to upload your games and track your stats! →
Sign in with Steam
Match 28751475
Unlisted
Match 28751475
Overview
Messages
Build Orders
End
Kradschützen Motorcycle Team
Panzergrenadier Squad
Panzergrenadier Squad
Construct Light Support Kompanie
MG34 Team
Fire Support Elements
Flakvierling Half-track
2.5-tonne Medical Truck
le.IG 18 Mechanized Group
Veteran Squad Leaders
Selects Italian Infantry
Selects Guastatori Squad
Selects Defensive Operations
Construct Mechanized Kompanie
Construct Panzerarmee Kommand
Guastatori Squad
Vehicle Survival Package
mool
Wrathment
0
0
Comments
sign in to comment!
No comments posted yet!